 Dungeon Crawl Stone Soup version 0.19.5 (webtiles) character file.

835 Keye the Spear-Bearer (level 7, -1/57 HPs)
             Began as a Minotaur Berserker on Apr 29, 2017.
             Was a Priest of Trog.
             Slain by an orc warrior
             ... wielding a +0 halberd
              (4 damage)
             ... on level 5 of the Dungeon.
             The game lasted 00:07:52 (4174 turns).

Keye the Spear-Bearer (Minotaur Berserker)          Turns: 4174, Time: 00:07:53

Health: -1/57      AC:  7    Str: 22    XL:     7   Next: 66%
Magic:  2/2        EV: 10    Int:  4    God:    Trog [***...]
Gold:   180        SH:  0    Dex: 11    Spells: 0 memorised, 6 levels left

rFire  . . .     SeeInvis .     q - +2 trident (antimagic)
rCold  . . .     Gourm    .     f - +0 scale mail
rNeg   . . .     Faith    .     (no shield)
rPois  .         Spirit   .     o - +1 hat
rElec  .         Reflect  .     (no cloak)
rCorr  .         Harm     .     (no gloves)
MR     ++...                    (no boots)
Stlth  ..........               (no amulet)
                                (no ring)
                                (no ring)

@: regenerating
A: retaliatory headbutt, horns 2
a: Berserk, Trog's Hand, Burn Spellbooks, Renounce Religion


You were on level 5 of the Dungeon.
You worshipped Trog.
Trog was most pleased with you.
You were hungry.

You visited 1 branch of the dungeon, and saw 5 of its levels.

You collected 180 gold pieces.

Inventory:

Hand Weapons
 a - a +0 mace
 h - a +4 spear
 q - a +2 antimagic trident (weapon)
Missiles
 u - 97 arrows
 x - 20 bolts
Armour
 b - a +0 animal skin
 f - a +0 scale mail (worn)
 o - a +1 hat (worn)
Jewellery
 w - a cursed -2 ring of intelligence {unknown}
Wands
 y - a wand of flame (26/48)
Scrolls
 i - 2 scrolls of teleportation
 j - 2 scrolls of remove curse
 l - 2 scrolls of random uselessness
Potions
 d - 4 potions of curing
 e - a potion of resistance
 g - 3 potions of might
 k - 3 potions of degeneration
 n - a potion of heal wounds
 p - a potion of invisibility
 s - a potion of mutation
 v - a potion of lignification {unknown}
 z - a potion of agility {unknown}
 B - a potion of berserk rage {unknown}
Comestibles
 c - 5 bread rations
 m - 3 chunks of flesh
 t - a meat ration
 C - 2 beef jerkies
 D - 3 slices of pizza


   Skills:
 - Level 3.6 Fighting
 - Level 3.7 Maces & Flails
 + Level 10.1 Polearms
 - Level 2.4 Armour
 - Level 2.1 Dodging


You had 6 spell levels left.
You didn't know any spells.

Dungeon Overview and Level Annotations

Branches:
Dungeon (5/15)             Temple (0/1) D:4

Altars:
Dithmenos
Kikubaaqudgha
Makhleb
Zin

Shops:
D:4 }   D:5 *


Innate Abilities, Weirdness & Mutations

You reflexively headbutt those who attack you in melee.
You have a pair of horns on your head.


Message History

You are feeling hungry.
You closely miss the orc warrior. You closely miss the orc warrior.
The orc warrior closely misses you. The orc hits you but does no damage.
You closely miss the orc warrior.
The orc warrior hits you with a halberd!
* * * LOW HITPOINT WARNING * * *
The orc hits you with a club.
* * * LOW HITPOINT WARNING * * *
You closely miss the orc warrior. You closely miss the orc warrior.
You headbutt the orc warrior.
The orc warrior is lightly wounded.
The orc hits you with a club.
* * * LOW HITPOINT WARNING * * *
The orc warrior hits you with a halberd.
* * * LOW HITPOINT WARNING * * *
You hit the orc warrior. Your headbutt misses the orc warrior.
The orc warrior is moderately wounded.
The orc warrior hits you with a halberd.
You die...

.......# ##.######.######
#.#. ...<...# #.# #.# #.#.
.....).# #.# #.# #.#.
#......# #.# #.# #.#.
.......# #.## #.# #.#.
#......# #..# #.# #.#'
......## ##.## #.# #...
##....########o)o# #.# #..)
............##)#@# #.# #...
##....########o### #.# #...
).........###{..## #.# ###.
#########.##8.o.8# #.# #.
........#.##.....## #.# #.
.##.......#.......# #.# #.
..........#.8...8o###.######
#.
..........#.......#........#
#.
###.......#.......#.#.####.#
#.


You could see an orc warrior and an orc.

Vanquished Creatures
  An ogre (D:4)
  2 centaurs (D:5)
  2 howler monkeys
  A crimson imp (D:5)
  A centaur zombie (D:5)
  3 orc priests
  A centaur skeleton (D:4)
  A worker ant (D:5)
  4 orc wizards
  A worker ant zombie (D:5)
  7 adders
  2 oozes
  4 worms
  3 dart slugs
  3 leopard geckos
  22 orcs
  A ball python (D:2)
  6 giant cockroaches
  4 hobgoblins
  7 jackals
  5 kobolds
  2 quokkas
  5 bats
  2 frilled lizards
  6 goblins
  6 rats
102 creatures vanquished.

Vanquished Creatures (others)
  A human (D:3)
1 creature vanquished.

Grand Total: 103 creatures vanquished

Notes
Turn   | Place    | Note
-------+----------+-------------------------------------------
     0 | D:1      | Keye the Minotaur Berserker began the quest for the Orb.
     0 | D:1      | Reached XP level 1. HP: 19/19 MP: 0/0
   238 | D:1      | Reached skill level 1 in Polearms
   297 | D:1      | Reached XP level 2. HP: 26/26 MP: 1/1
   363 | D:1      | Reached skill level 2 in Polearms
   511 | D:1      | Reached skill level 3 in Polearms
   831 | D:2      | Reached XP level 3. HP: 31/31 MP: 2/2
   862 | D:2      | Reached ** piety under Trog
  1027 | D:2      | Reached skill level 4 in Polearms
  1147 | D:2      | Reached XP level 4. HP: 37/39 MP: 3/3
  1564 | D:3      | Found an ancient bone altar of Kikubaaqudgha.
  1567 | D:3      | Noticed a human
  1569 | D:3      | Killed a human
  1899 | D:3      | Reached skill level 5 in Polearms
  1971 | D:3      | Found a burning altar of Makhleb.
  1976 | D:3      | Found a glowing silver altar of Zin.
  1977 | D:3      | Noticed an angel
  1977 | D:3      | Noticed an Executioner
  2271 | D:4      | Found Adev's Gadget Shop.
  2396 | D:4      | Reached XP level 5. HP: 45/45 MP: 4/4
  2422 | D:4      | Reached skill level 6 in Polearms
  2427 | D:4      | Reached *** piety under Trog
  2543 | D:4      | Noticed an ogre
  2548 | D:4      | Killed an ogre
  2548 | D:4      | Reached skill level 7 in Polearms
  2548 | D:4      | Reached XP level 6. HP: 49/51 MP: 5/5
  2921 | D:4      | Found a staircase to the Ecumenical Temple.
  2987 | D:5      | Entered Level 5 of the Dungeon
  2998 | D:5      | Reached skill level 8 in Polearms
  3205 | D:5      | Reached XP level 7. HP: 46/57 MP: 6/6
  3223 | D:5      | Found Boisiq's Assorted Antiques.
  3499 | D:5      | Reached skill level 9 in Polearms
  3684 | D:5      | Found a shadowy altar of Dithmenos.
  3944 | D:5      | Found a runed door.
  4149 | D:5      | Reached skill level 10 in Polearms
  4173 | D:5      | HP: 2/57 [orc warrior/halberd (3)]
  4174 | D:5      | Slain by an orc warrior

Skill      XL: |  1  2  3  4  5  6  7 |
---------------+----------------------+-----
Polearms       | 1 3 4 5 7 8 10 | 10.1
Fighting       | |  3.6
Maces & Flails | |  3.7
Armour         | |  2.4
Dodging        | |  2.1

Action                   |  1- 3 |  4- 6 |  7- 9 || total
-------------------------+-------+-------+-------++-------
Melee: Spear             |    64 |   133 |    82 ||   279
       Mace              |     1 |       |       ||     1
       Headbutt          |     5 |    25 |    11 ||    41
       Trident           |       |       |    12 ||    12
Invok: Trog's Hand       |       |       |     1 ||     1
  Use: Scroll            |       |    13 |       ||    13
  Eat: Chunk             |     1 |     6 |     3 ||    10
Armor: Scale mail        |    15 |    20 |    13 ||    48
Dodge: Dodged            |    21 |    39 |    20 ||    80
